 Dungeon Crawl Stone Soup version 0.16.2-12-gd0ad4c3 (webtiles) character file.

969 SlimeFever the Conjurer (level 7, 0/55 HPs)
             Began as a Mottled Draconian Conjurer on Sept 29, 2015.
             Slain by a killer bee (3 damage)
             ... on level 6 of the Dungeon on Sept 30, 2015.
             The game lasted 01:08:08 (6247 turns).

SlimeFever the Conjurer (DrCj)                      Turns: 6247, Time: 01:08:08

Health: 0/55       AC: 12    Str: 19    XL:     7   Next: 94%
Magic:  7/15       EV: 20    Int: 17    God:
Gold:   246        SH:  0    Dex: 18    Spells: 5 memorised, 0 levels left

rFire  . . .     SeeInvis .     f - +0 rapier
rCold  . . .     Clarity  .     (armour unavailable)
rNeg   . . .     SustAb   .     (no shield)
rPois  .         Gourm    .     e - +2 hat
rElec  .         Spirit   .     K - +2 cloak
rCorr  .         Warding  .     (no gloves)
rMut   .         Stasis   .     z - +0 pair of boots
MR     .....                    (no amulet)
Stlth  +++.......               x - +3 ring of strength
                                m - +2 ring of intelligence

@: mighty, agile, very slightly contaminated, not resistant to hostile
enchantments, fairly stealthy
A: breathe sticky flames, unfitting armour, cold-blooded, AC +6
a: Breathe Sticky Flame


You were on level 6 of the Dungeon.
You were not hungry.

You visited 1 branch of the dungeon, and saw 6 of its levels.

You collected 246 gold pieces.

Inventory:

Hand weapons
 a - a +0 club
 b - a +0 hunting sling
 f - a +0 rapier (weapon)
 o - a +0 short sword
 r - a +0 spear
 t - a +0 mace
 y - a +0 scythe
 A - the +8 dagger of a bazaar {drain, rF+, unknown}
   (You found it on level 4 of the Dungeon)

   A truly terrible weapon, it drains the life of those it strikes.
   It protects you from fire.
 E - a +0 morningstar of draining
 H - a +3 falchion
Missiles
 d - 30 poisoned needles
 h - 48 arrows
 i - 22 sling bullets
 v - 4 bolts
 J - 14 arrows of frost
Armour
 e - a +2 hat (worn)
 l - a cursed +0 robe
 z - a +0 pair of boots (worn)
 K - a +2 cloak (worn)
Jewellery
 m - a +2 ring of intelligence (left hand)
 p - an uncursed ring of sustain abilities
 x - a +3 ring of strength (right hand)
 D - an uncursed ring of flight
Magical devices
 B - a wand of digging (14)
 C - a wand of hasting (0)
 L - a wand of frost (20)
Scrolls
 G - a scroll of identify
 M - a scroll of amnesia
Potions
 k - a potion of haste {unknown}
 q - a potion of agility
Books
 c - a book of Conjurations

   Spells                             Type                      Level
   a - Magic Dart                     Conjuration                  1
   b - Searing Ray                    Conjuration                  2
   c - Dazzling Spray                 Conjuration/Hexes            3
   d - Fulminant Prism                Conjuration/Hexes            4
   e - Iskenderun's Mystic Blast      Conjuration                  4
   f - Iskenderun's Battlesphere      Conjuration/Charms           5
 g - a book of Death

   Spells                             Type                      Level
   a - Corpse Rot                     Necromancy                   2
   b - Sublimation of Blood           Necromancy                   2
   c - Agony                          Necromancy                   5
   d - Dispel Undead                  Necromancy                   5
   e - Excruciating Wounds            Charms/Necromancy            5
   f - Bolt of Draining               Conjuration/Necromancy       5
 N - a book of Callings

   Spells                             Type                      Level
   a - Summon Small Mammal            Summoning                    1
   b - Call Imp                       Summoning                    2
   c - Call Canine Familiar           Summoning                    3
   d - Summon Guardian Golem          Hexes/Summoning              4
   e - Summon Lightning Spire         Summoning/Air                4
   f - Summon Ice Beast               Ice/Summoning                4


   Skills:
 + Level 2.1 Fighting
 * Level 3.3 Short Blades
 - Level 0.8 Maces & Flails
 + Level 4.9 Dodging
 + Level 2.5 Stealth
 + Level 3.4 Spellcasting
 * Level 6.1 Conjurations
 + Level 0.1 Hexes
 + Level 0.2 Summonings


You couldn't memorise any spells.
You knew the following spells:

 Your Spells              Type           Power        Failure   Level  Hunger
a - Magic Dart            Conj           ###.         1%          1    None
b - Searing Ray           Conj           ###...       1%          2    ##.....
c - Dazzling Spray        Conj/Hex       ##......     14%         3    ###....
d - Iskenderun's Mystic   Conj           ###.....     14%         4    ####...
e - Call Imp              Summ           #.......     24%         2    ##.....


Dungeon Overview and Level Annotations

Branches:
Dungeon (6/15)
 Temple: D:4-7

Altars:
Fedhas
Xom
Zin


Innate Abilities, Weirdness & Mutations

You can spit globs of burning liquid.
You can ignite nearby creatures when you spit burning liquid.
Your weird mottled scales are hard (AC +6).
Your body does not fit into most forms of armour.
Your cold-blooded metabolism reacts poorly to cold.


Message History

Aiming: Dazzling Spray
Press: ? - help, Shift-Dir - straight line, f - killer bee
Aim: a killer bee The spray of energy hits the killer bee.
The killer bee is lightly wounded.
The killer bee is dazzled.
The spray of energy misses the killer bee.
The spray of energy hits Natasha.
You kill Natasha!
Natasha growls in agony!
The killer bee buzzes angrily.
The killer bee barely misses you. The jackal misses you.
The killer bee stings you but does no damage.
The jackal misses you.
You feel agile all of a sudden. The killer bee closely misses you.
The jackal misses you. The killer bee barely misses you.
The killer bee closely misses you. The killer bee barely misses you.
The killer bee stings you.
You die...

#.....†.......#
#........⌠.._.##.
#.................
#.#.......)..###..
#........_........
............#.####.
##y..........#
#....y......#
.##.y@####<# ##h##
.# #l# .#


.hh ##.## ..# ..# ..# .... You could see an iguana, 3 killer bees and 2 jackals.

Vanquished Creatures
  Eustachio (D:4)
  Menkaure (D:5)
  Blork the orc (D:5)
  A scorpion (D:5)
  A killer bee (D:6)
  2 crimson imps (D:5)
  A hound (D:5)
  2 orc priests (D:4)
  2 iguanas
  Natasha (twice) (D:6)
  2 orc wizards (D:4)
  2 worker ants
  3 gnolls
  6 adders
  A shadow imp (D:5)
  An adder zombie (D:5)
  3 giant geckos
  4 oozes
  9 orcs
  4 ball pythons
  6 giant cockroaches
  12 goblins
  16 hobgoblins
  20 jackals
  5 kobolds
  6 quokkas
  14 bats
  A giant gecko skeleton (D:5)
  8 giant newts
  9 rats
146 creatures vanquished.

Notes
Turn   | Place    | Note
--------------------------------------------------------------
     0 | D:1      | SlimeFever, the Draconian Conjurer, began the quest for the Orb.
     0 | D:1      | Reached XP level 1. HP: 14/14 MP: 3/3
   197 | D:1      | Reached XP level 2. HP: 11/20 MP: 2/4
   796 | D:1      | Reached XP level 3. HP: 24/26 MP: 6/6
  1523 | D:2      | Learned a level 2 spell: Searing Ray
  1527 | D:2      | Learned a level 3 spell: Dazzling Spray
  1946 | D:2      | Reached XP level 4. HP: 34/34 MP: 5/7
  2019 | D:2      | Reached skill level 5 in Conjurations
  2862 | D:3      | Reached skill level 1 in Short Blades
  3172 | D:4      | Reached skill level 1 in Fighting
  3172 | D:4      | Reached XP level 5. HP: 36/40 MP: 7/9
  3252 | D:4      | Noticed Eustachio
  3275 | D:4      | HP: 2/40 [river rat[Eustachio] (10)]
  3324 | D:4      | HP: 1/40 [river rat[Eustachio] (2)]
  3325 | D:4      | Killed Eustachio
  3325 | D:4      | Reached XP level 6. HP: 1/47 MP: 7/11
  3645 | D:4      | Learned a level 4 spell: Iskenderun's Mystic Blast
  3684 | D:4      | Got a crude dagger
  4774 | D:5      | Entered Level 5 of the Dungeon
  4831 | D:4      | HP: 1/48 [gnoll/halberd (8)]
  5115 | D:5      | Your scales start taking on a weird mottled pattern.
  5115 | D:5      | Reached XP level 7. HP: 49/53 MP: 8/13
  5222 | D:5      | Noticed Blork the orc
  5229 | D:5      | Killed Blork the orc
  5329 | D:5      | Noticed Menkaure
  5336 | D:5      | Killed Menkaure
  5459 | D:5      | Reached skill level 6 in Conjurations
  5898 | D:5      | Learned a level 2 spell: Call Imp
  6189 | D:6      | Found a blossoming altar of Fedhas.
  6189 | D:6      | Found a glowing silver altar of Zin.
  6189 | D:6      | Found a shimmering altar of Xom.
  6189 | D:6      | Noticed Natasha
  6197 | D:6      | Killed Natasha
  6229 | D:6      | Noticed Natasha
  6242 | D:6      | HP: 2/55 [poison (a potion of poison)]
  6245 | D:6      | Killed Natasha
  6247 | D:6      | Slain by a killer bee

Action                   |  1- 3 |  4- 6 |  7- 9 || total
-------------------------+-------+-------+-------++-------
Melee: Club              |   164 |       |       ||   164
       Unarmed           |     1 |       |       ||     1
       Short sword       |    37 |   152 |       ||   189
       Rapier            |       |   114 |    92 ||   206
 Cast: Magic Dart        |    46 |    52 |    26 ||   124
       Searing Ray       |       |     4 |     3 ||     7
       Iskenderun's Myst |       |     1 |     2 ||     3
       Dazzling Spray    |       |       |     5 ||     5
       Call Imp          |       |       |     2 ||     2
 Abil: Breathe Sticky Fl |       |       |     3 ||     3
Evoke: Wand              |       |     3 |     1 ||     4
  Use: Scroll            |     4 |     6 |     4 ||    14
       Potion            |     1 |     2 |     7 ||    10
 Stab: Sleeping          |       |     2 |     1 ||     3
       Distracted        |       |     1 |       ||     1
       Invisible         |       |       |     2 ||     2
  Eat: Fruit             |     3 |       |       ||     3
       Chunk             |       |     2 |       ||     2
       Bread ration      |       |     3 |       ||     3
       Meat ration       |       |       |     1 ||     1
